 Dungeon Crawl Stone Soup version 0.30.0-29-ga12c61a403 (webtiles) character file.

Game seed: 16576468163909300069

19 student the Shield-Bearer (level 2, -1/24 HPs)
             Began as a Formicid Fighter on June 26, 2023.
             Slain by an iguana (5 damage)
             ... on level 5 of the Dungeon.
             The game lasted 00:06:50 (463 turns).

student the Shield-Bearer (Formicid Fighter)         Turns: 463, Time: 00:06:50

Health: -1/24      AC: 13    Str: 20    XL:     2   Next: 95%
Magic:  2/2        EV:  7    Int:  7    God:
Gold:   32         SH:  5    Dex: 13    Spells: 1/1 levels left

rFire   . . .        a - +0 flail
rCold   . . .        c - +0 buckler
rNeg    . . .        i - +4 chain mail
rPois   .            (helmet unavailable)
rElec   .            (no cloak)
rCorr   .            (no gloves)
SInv    +            (no boots)
Will    .....        (no amulet) Stlth
                     (no ring)
HPRegen 0.24/turn    (no ring)
MPRegen 0.08/turn

%: no passive effects
@: no status effects
A: permanent stasis, dig shafts and tunnels, antennae 3, four strong arms
a: Dig, Shaft Self


You were on level 5 of the Dungeon.
You visited 1 branch of the dungeon, and saw 5 of its levels.

You collected 32 gold pieces.

Inventory:

Hand Weapons
 a - a +0 flail (weapon)
Armour
 b - a +0 scale mail
 c - a +0 buckler (worn)
 i - a +4 chain mail (worn)
Scrolls
 e - a scroll of poison {unknown}
 f - a scroll of identify {unknown}
 g - a scroll of fear {unknown}
Potions
 d - a potion of might
 h - a potion of curing {unknown}


   Skills:
 + Level 3.4 Fighting
 + Level 2.2 Maces & Flails
 + Level 3.5 Armour
 + Level 0.1 Dodging
 + Level 4.5 Shields


You had one spell level left.
You didn't know any spells.
Your spell library contained the following spells:

 Spells                   Type           Power      Damage    Failure   Level
 Magic Dart               Conj           0%         1d3       99%         1
 Searing Ray              Conj           0%         2d4       100%        2
 Fulminant Prism          Conj/Hex       0%         3d5       100%        4


Dungeon Overview and Level Annotations

Branches:
Dungeon (5/15)
 Temple: D:4-7

Altars:


Innate Abilities, Weirdness & Mutations

You cannot be hasted, slowed, berserked, paralysed or teleported.
You can dig through walls and to a lower floor.
You have a pair of large antennae on your head. (SInv)
Your four strong arms can wield two-handed weapons with a shield.


Message History

The dart slug launches a dart at you. The slug dart misses you.
The dart slug launches a dart at you. The slug dart hits you.
* * * LOW HITPOINT WARNING * * *
Found 12 gold pieces.
The dart slug launches a dart at you.
The slug dart hits you but does no damage.
A dart slug is nearby!
The dart slug launches a dart at you.
The slug dart hits you but does no damage.
You barely miss the dart slug.
The dart slug bites you but does no damage.
You sock the dart slug!
You kill the dart slug!
Found a stone staircase leading down.
You now have 32 gold pieces (gained 12).
Found a scroll labelled LAR FEHENEPI.
Found 12 gold pieces.
There is a stone staircase leading down here.
You feel a little less mighty now.
You climb downwards.
Found a robe.
There is a stone staircase leading up here.
Found a stone staircase leading down.
Found a stone staircase leading down.
You start resting.
An iguana is nearby!
The iguana bites you.
* * * LOW HITPOINT WARNING * * *
You closely miss the iguana.
The iguana bites you but does no damage.
You hit the iguana.
The iguana is lightly wounded.
The iguana bites you.
* * * LOW HITPOINT WARNING * * *
You hit the iguana but do no damage.
The iguana is lightly wounded.
The iguana bites you.
You die...

.... ..... .♣
.... [... ..♣♣
.>... ...# ....
..... ..#...♣
...... ..#...
>.....###...
........#.##
........@<.#
.....####l.......
### #........
#........
.......##
##....... ....#..
...###.


You could see an iguana.

Vanquished Creatures
  3 dart slugs
  2 ball pythons
  2 giant cockroaches (D:1)
  A goblin (D:2)
  A jackal (D:3)
  2 frilled lizards
  2 rats
13 creatures vanquished.

Notes
Turn   | Place    | Note
-------+----------+-------------------------------------------
     0 | D:1      | student the Formicid Fighter began the quest for the Orb.
     0 | D:1      | Reached XP level 1. HP: 18/18 MP: 1/1
   196 | D:2      | Reached XP level 2. HP: 24/24 MP: 2/2
   299 | D:4      | HP: 1/24 [dart slug/slug dart (2)]
   456 | D:5      | Entered Level 5 of the Dungeon
   463 | D:5      | Slain by an iguana

Illustrated notes

Levels and vault maps discovered:
D:1:      heliophobic_arrival_dark_side_of_the_moon, layout_loops_ring,
          serial_shops, shop, kennysheep_boxes
D:2:      minmay_angry_zag, layout_loops_ring, feat_on_display
D:3:      layout_basic, cheibrodos_sewer_entry_drain
D:4:      kennysheep_slugbush, layout_basic, kennysheep_cross_room,
          uniq_eustachio
D:5:      layout_cave_pools, mainiacjoe_overflow_small_starburst,
          ebering_ghost_disaster_area

Action                     || total
---------------------------++-------
  Melee: Flail             ||    39
Ability: Dig               ||     1
    Use: Potion            ||     1
 Armour: Scale mail        ||    11
         Chain mail        ||    20
  Dodge: Dodged            ||    28
  Block: Buckler           ||    11
